 Dungeon Crawl Stone Soup version 0.28.0-53-g5a82cb258f (webtiles) character file.

Game seed: 7227743544438461592

102 adizb the Archer (level 4, 0/57 HPs)
             Began as a Gnoll Hunter on Aug 5, 2022.
             Was an Initiate of Yredelemnul.
             Slain by a jackal (1 damage)
             ... on level 4 of the Dungeon.
             The game lasted 00:15:44 (2550 turns).

adizb the Archer (Gnoll Hunter)                     Turns: 2550, Time: 00:15:44

Health: 0/57       AC: 22    Str: 10 (12) XL:     4   Next: 78%
Magic:  5/5        EV:  2    Int: 10 (12) God:    Yredelemnul [......]
Gold:   102        SH:  0    Dex:  9 (12) Spells: 5/5 levels left

rFire   . . .      SeeInvis .   j - staff of conjuration
rCold   . . .      Faith    .   (no shield)
rNeg    . . .      Spirit   .   (armour currently unavailable)
rPois   +          Reflect  .   (helmet currently unavailable)
rElec   .          Harm     .   (cloak currently unavailable)
rCorr   .          Rampage  .   (gloves currently unavailable)
Will    .....      NoTele   +   (boots currently unavailable)
Stlth   ++........              f - amulet of the acrobat
HPRegen 0.19/turn               (no ring)
MPRegen 0.09/turn               (no ring)

@: brilliant, lethally poisoned (0 -> -4), tree-form, hasted, very quick
A: stationary, stasis, torment immunity, boosted hp, (fangs 1), strong nose,
distributed training
a: Renounce Religion, Recall Undead Harvest


You were on level 4 of the Dungeon.
You worshipped Yredelemnul.
Yredelemnul was noncommittal.
You were a tree.
You visited 1 branch of the dungeon, and saw 4 of its levels.

You collected 102 gold pieces.

Inventory:

Hand Weapons
 a - a +1 shortbow
Missiles
 d - 27 arrows
Armour
 b - a +0 plate armour
 c - a +1 leather armour (melded)
 m - a +0 buckler
Magical Staves
 j - a staff of conjuration (weapon)
 n - a staff of fire
Jewellery
 f - an amulet of the acrobat (around neck)


   Skills:
 + Level 4.7 Fighting
 + Level 1.2 Short Blades
 + Level 1.2 Long Blades
 + Level 1.2 Axes
 + Level 1.2 Maces & Flails
 + Level 1.2 Polearms
 + Level 1.2 Staves
 + Level 1.2 Slings
 + Level 8.6 Bows
 + Level 1.2 Crossbows
 + Level 1.2 Throwing
 + Level 1.2 Armour
 + Level 4.7 Dodging
 + Level 2.6 Stealth
 + Level 1.2 Shields
 + Level 1.2 Unarmed Combat
 + Level 1.2 Spellcasting
 + Level 1.0 Conjurations
 + Level 1.0 Hexes
 + Level 1.0 Summonings
 + Level 1.0 Necromancy
 + Level 1.0 Translocations
 + Level 1.0 Transmutations
 + Level 1.0 Fire Magic
 + Level 1.0 Ice Magic
 + Level 1.0 Air Magic
 + Level 1.0 Earth Magic
 + Level 1.0 Poison Magic
 + Level 1.3 Invocations
 + Level 1.2 Evocations


You had 5 spell levels left.
You didn't know any spells.
Your spell library contained the following spells:

 Spells                   Type           Power      Damage    Failure   Level
 Static Discharge         Conj/Air       6%         N/A       32%         2
 Portal Projectile        Hex/Tloc       8%         N/A       54%         3
 Dispel Undead            Necr           4%         3d7       91%         4
 Sticky Flame             Conj/Fire      6%         2d3       91%         4
 Blade Hands              Tmut           2%         N/A       99%         5
 Excruciating Wounds      Necr           2%         N/A       99%         5


Dungeon Overview and Level Annotations

Branches:
Dungeon (4/15)
 Temple: D:4-7

Altars:
Elyvilon
Yredelemnul


Innate Abilities, Weirdness & Mutations

You are a tree.
Your roots penetrate the ground, keeping you stationary.
You cannot be teleported.
You are immune to unholy pain and torment.
Your maximum health is greatly increased.
Your equipment is partially melded.
((You have very sharp teeth.))
Your uncanny sense of smell can sniff out nearby items.
Your experience applies equally to all skills.


Message History

You are poisoned.
The scorpion poisons you!
As you read the scroll labelled BITSOO NIRORI, it crumbles to dust.
It is a scroll of identify.
k - a potion of haste You feel very sick.
The jackal closely misses you. The scorpion stings you.
You are lethally poisoned!
The scorpion poisons you!
Okay, then.
You feel very sick. The jackal completely misses you.
You feel very sick.
* * * LOW HITPOINT WARNING * * *
You feel very sick.
It was a potion of brilliance.
You feel clever all of a sudden.
* * * LOW HITPOINT WARNING * * *
You feel very sick. The jackal closely misses you.
It was a potion of degeneration.
There was something very wrong with that liquid.
You feel weakened.
You feel dopey.
You feel clumsy.
* * * LOW HITPOINT WARNING * * *
You feel sick. The jackal barely misses you. x2
The jackal closely misses you. x2
It was a potion of lignification.
You turn into a tree.
Your +1 leather armour melds into your body.
Your roots penetrate the ground.
You feel sick. The jackal bites you.
* * * LOW HITPOINT WARNING * * *
The scorpion stings you.
* * * LOW HITPOINT WARNING * * *
The jackal bites you but does no damage.
Okay, then.
You aren't carrying any scrolls.
You feel yourself speed up.
* * * LOW HITPOINT WARNING * * *
You feel sick. The jackal bites you.
You die...
Your body rises from the dead as a mindless zombie.

#........##.....###.# .#
###.#.....##....^...## #.#
#.........##........### #..#
#................#....##...##
##...............#...........#
#................#...#.......#
##...............##...##......#
#.............shh##...###.....#
##..............♣.#....#
#.......
..................#....#
##.....>
..#....................# .....#
.####.....#######......# ....##
## #...### ##.....# ...## ##
#..## .....# .## .. ...# ......
.. ... ...... .. .#


You could see a scorpion and 2 jackals.

Vanquished Creatures
  An adder (D:2)
  A worm (D:4)
  5 orcs (D:3)
  5 ball pythons
  3 endoplasms (D:1)
  A giant cockroach (D:3)
  7 goblins
  8 hobgoblins
  A jackal (D:4)
  3 quokkas
  3 bats
  6 frilled lizards
  3 kobolds
  3 rats
50 creatures vanquished.

Vanquished Creatures (collateral kills)
  2 adders
  A giant cockroach (D:2)
  A goblin (D:4)
  2 hobgoblins
  A jackal (D:4)
  A quokka (D:3)
  A bat (D:3)
  A frilled lizard (D:3)
  A rat (D:3)
11 creatures vanquished.

Vanquished Creatures (others)
  3 bat zombies (D:2)
  2 ball python zombies
  2 goblin zombies (D:4)
  3 hobgoblin zombies
  2 jackal zombies (D:4)
  A quokka zombie (D:3)
  2 fungi (D:2)
  2 plants (D:2)
17 creatures vanquished.

Grand Total: 78 creatures vanquished

Notes
Turn   | Place    | Note
-------+----------+-------------------------------------------
     0 | D:1      | adizb the Gnoll Hunter began the quest for the Orb.
     0 | D:1      | Reached XP level 1. HP: 20/20 MP: 1/1
   190 | D:1      | Reached XP level 2. HP: 26/26 MP: 2/2
   647 | D:2      | Found a faded altar of an unknown god.
   654 | D:2      | Prayed at the altar of an unknown god.
   654 | D:2      | Became a worshipper of Yredelemnul the Dark
   654 | D:2      | Reached * piety under Yredelemnul
   750 | D:2      | Reached XP level 3. HP: 31/31 MP: 3/3
   870 | D:2      | Reached skill level 1 in Invocations
  1010 | D:2      | Reached skill level 1 in Short Blades
  1010 | D:2      | Reached skill level 1 in Long Blades
  1010 | D:2      | Reached skill level 1 in Axes
  1010 | D:2      | Reached skill level 1 in Maces & Flails
  1010 | D:2      | Reached skill level 1 in Polearms
  1010 | D:2      | Reached skill level 1 in Staves
  1010 | D:2      | Reached skill level 1 in Slings
  1010 | D:2      | Reached skill level 1 in Crossbows
  1010 | D:2      | Reached skill level 1 in Throwing
  1010 | D:2      | Reached skill level 1 in Armour
  1010 | D:2      | Reached skill level 1 in Shields
  1010 | D:2      | Reached skill level 1 in Unarmed Combat
  1010 | D:2      | Reached skill level 1 in Spellcasting
  1010 | D:2      | Reached skill level 1 in Evocations
  1217 | D:3      | Found a white marble altar of Elyvilon.
  1248 | D:3      | Reached XP level 4. HP: 38/38 MP: 5/5
  2188 | D:4      | Reached skill level 1 in Conjurations
  2188 | D:4      | Reached skill level 1 in Hexes
  2188 | D:4      | Reached skill level 1 in Summonings
  2188 | D:4      | Reached skill level 1 in Necromancy
  2188 | D:4      | Reached skill level 1 in Translocations
  2188 | D:4      | Reached skill level 1 in Transmutations
  2188 | D:4      | Reached skill level 1 in Fire Magic
  2188 | D:4      | Reached skill level 1 in Ice Magic
  2188 | D:4      | Reached skill level 1 in Air Magic
  2188 | D:4      | Reached skill level 1 in Earth Magic
  2188 | D:4      | Reached skill level 1 in Poison Magic
  2527 | D:4      | Noticed a scorpion
  2549 | D:4      | HP: 2/57 [scorpion (4)]
  2550 | D:4      | Slain by a jackal

Illustrated notes

Levels and vault maps discovered:
D:1:      dpeg_arrival_shrine, layout_basic
D:2:      layout_loops_ring, shapermc_ecumenical_altar_petra,
          minmay_misc_feat_rows, chequers_serial_rivers_room_a,
          minmay_misc_feat_secret_circle
D:3:      layout_basic, lemuel_tele_altar, st_stairs_7
D:4:      kennysheep_goblin_castle, layout_layer_cave,
          minmay_temple_entry_stoned_glass, uniq_eustachio

Skill      XL: |  1  2  3  4 |
---------------+-------------+-----
Invocations    | 1 |  1.3
Short Blades   | 1 |  1.2
Long Blades    | 1 |  1.2
Axes           | 1 |  1.2
Maces & Flails | 1 |  1.2
Polearms       | 1 |  1.2
Staves         | 1 |  1.2
Slings         | 1 |  1.2
Crossbows      | 1 |  1.2
Throwing       | 1 |  1.2
Armour         | 1 |  1.2
Shields        | 1 |  1.2
Unarmed Combat | 1 |  1.2
Spellcasting   | 1 |  1.2
Evocations     | 1 |  1.2
Conjurations   | 1 |  1.0
Hexes          | 1 |  1.0
Summonings     | 1 |  1.0
Necromancy     | 1 |  1.0
Translocations | 1 |  1.0
Transmutations | 1 |  1.0
Fire Magic     | 1 |  1.0
Ice Magic      | 1 |  1.0
Air Magic      | 1 |  1.0
Earth Magic    | 1 |  1.0
Poison Magic   | 1 |  1.0
Fighting       | |  4.7
Bows           | |  8.6
Dodging        | |  4.7
Stealth        | |  2.6

Action                   |  1- 3 |  4- 6 || total
-------------------------+-------+-------++-------
Melee: Short sword       |    20 |       ||    20
       Bite              |     8 |     8 ||    16
       Staff             |    19 |    70 ||    89
       Punch             |       |     2 ||     2
       Shortbow          |       |     1 ||     1
 Fire: Shortbow          |    36 |    13 ||    49
  Use: Scroll            |       |     4 ||     4
       Potion            |       |     4 ||     4
 Stab: Distracted        |     1 |       ||     1
       Sleeping          |       |     2 ||     2
Armor: Leather armour    |    15 |    21 ||    36
       Skin              |       |     1 ||     1
Dodge: Dodged            |    29 |    94 ||   123
